 Dungeon Crawl Stone Soup version 0.20-a0-449-g96be121 (webtiles) character file.

9 Amnesiac the Magician (level 2, -3/19 HPs)
             Began as a Mummy Enchanter on Jan 7, 2017.
             Slain by an orc
             ... wielding a +0 flail
              (10 damage)
             ... on level 3 of the Dungeon.
             The game lasted 00:01:11 (381 turns).

Amnesiac the Magician (Mummy Enchanter)              Turns: 381, Time: 00:01:12

Health: -3/19      AC:  2    Str: 11    XL:     2   Next: 3%
Magic:  4/6        EV: 12    Int: 14    God:
Gold:   15         SH:  0    Dex: 12    Spells: 6/7 levels left

rFire  x . .     SeeInvis .     g - +3 dagger
rCold  + . .     Gourm    .     b - +0 robe
rNeg   + + +     Faith    .     (no shield)
rPois  ∞         Spirit   .     (no helmet)
rElec  .         Reflect  .     (no cloak)
rCorr  .         Harm     .     (no gloves)
MR     .....                    (no boots)
Stlth  ++........               (no amulet)
                                (no ring)
                                (no ring)

@: no status effects
A: no food or potions, fire vulnerability, cold resistance 1, negative energy
resistance 3, torment resistance, unbreathing
a: no special abilities


You were on level 3 of the Dungeon.
You were not hungry.

You visited 1 branch of the dungeon, and saw 4 of its levels.

You collected 15 gold pieces.

Inventory:

Hand Weapons
 g - a +3 dagger (weapon)
Armour
 b - a +0 robe (worn)
Scrolls
 d - a scroll of identify {unknown}
 e - a scroll of enchant armour {unknown}
 f - a scroll of remove curse {unknown}
Books
 c - a book of Maledictions

   Spells                             Type                      Level
   a - Corona                         Hexes                        1
   b - Ensorcelled Hibernation        Hexes/Ice                    2
   c - Confuse                        Hexes                        3
   d - Tukima's Dance                 Hexes                        3
   e - Dazzling Spray                 Conjuration/Hexes            3


   Skills:
 - Level 0.7 Short Blades
 - Level 1.5 Dodging
 - Level 2.4 Stealth
 + Level 3.1 Spellcasting
 * Level 3.0 Hexes


You had 6 spell levels left.
You knew the following spells:

 Your Spells              Type           Power        Failure   Level  Hunger
f - Corona                Hex            ##.....      10%         1    N/A

Dungeon Overview and Level Annotations

Branches:
Dungeon (4/15)
 Temple: D:4-7

Altars:
Dithmenos
Xom
Zin


Innate Abilities, Weirdness & Mutations

You do not eat or drink.
Your flesh is vulnerable to fire.
You are immune to poison.
Your flesh is cold resistant. (rC+)
You are immune to negative energy. (rN+++)
You are immune to unholy pain and torment.
You can survive without breathing.


Message History

Casting: Corona
Confirm with . or Enter, or press ? or * to list all spells.
Aiming: Corona
Press: ? - help, Shift-Dir - straight line, f - orc
Aim: an orc, wielding a flail and wearing a leather armour (chance to defeat MR: 63%)
The orc struggles to resist.
You hit the orc.
The orc is heavily wounded.
The orc hits you with a flail!
Casting: Corona
Confirm with . or Enter, or press ? or * to list all spells.
Aiming: Corona
Press: ? - help, Shift-Dir - straight line, f/p - orc
Aim: an orc, wielding a flail and wearing a leather armour (heavily wounded, chance to defeat MR: 63%)
The orc is outlined in light.
The orc hits you with a flail.
You hit the orc.
The orc is almost dead.
The orc hits you with a flail!
Ouch! That really hurt!
You die...

#.# ... #.# ..........#
#.# ..........# #.#
..........# #.#
..........###.#
#...........#.####
...............o@########
.......................<#
.........##.#.####......#
.................#.####.#
##..#....##.#.####.# #.#
##..#....)....# #.# #.#
##..#...###.#.# #.# #.#
........# #.#.# #.# #.#
.#..#...# #.#.# #.# #.#


You could see an orc.

Vanquished Creatures
  A leopard gecko (D:1)
  A ball python (D:3)
  A giant cockroach (D:3)
  3 goblins (D:3)
  A rat (D:1)
7 creatures vanquished.

Notes
Turn   | Place    | Note
-------+----------+-------------------------------------------
     0 | D:1      | Amnesiac the Mummy Enchanter began the quest for the Orb.
     0 | D:1      | Reached XP level 1. HP: 13/13 MP: 4/4
    31 | D:2      | Found a glowing silver altar of Zin.
   134 | D:3      | Found a shimmering altar of Xom.
   138 | D:3      | Noticed a hound
   251 | D:3      | Reached XP level 2. HP: 13/19 MP: 4/6
   358 | D:2      | Found a shadowy altar of Dithmenos.
   381 | D:3      | Slain by an orc

Vault maps used:
D:1:      mainiacjoe_arrival_reflecting_pool, minmay_misc_feat_ornament,
          minmay_misc_feat_doors, interstate_on_off, minmay_tall_x
D:2:      overflow_temple_1_default, nicolae_dithmenos_shadow_blocks,
          fedhas_altar_3, minitemple, serial_glass, glass_columns_b,
          glass_columns_c, glass_columns_b, glass_columns_a, glass_columns_b,
          glass_columns_a, glass_columns_a, glass_columns_a, first_bread,
          serial_bayou_pond_b, nemelex_dance_club_becter
D:3:      xom_teletrap_fun, uniq_jessica
D:4:      serial_column_ruins, column_ruins_square_medium,
          column_ruins_square_large, column_ruins_open_tiny,
          column_ruins_columns_straight, column_ruins_grid_3,
          column_ruins_open_tiny, trog_butcher_becter

Skill      XL: |  1 |
---------------+----+-----
Spellcasting   | 3 |  3.1
Hexes          | 3 |  3.0
Short Blades   | |  0.7
Dodging        | |  1.5
Stealth        | |  2.4

Action                   || total
-------------------------++-------
Melee: Dagger            ||    16
 Cast: Corona            ||     8
Armor: Robe              ||     2
Dodge: Dodged            ||    10
